 Dungeon Crawl Stone Soup version 0.28-a0-1510-gd0f6b136d3 (webtiles) character file.

Game seed: 8478082763314506002

809 flotson the Ducker (level 7, -1/54 HPs)
             Began as a Demonspawn Gladiator on Jan 14, 2022.
             Slain by a black bear (5 damage)
             ... on level 4 of the Dungeon.
             The game lasted 00:07:58 (5138 turns).

flotson the Ducker (Demonspawn Gladiator)           Turns: 5138, Time: 00:08:00

Health: -1/54      AC: 12    Str: 16    XL:     7   Next: 61%
Magic:  7/7        EV:  8    Int:  9    God:
Gold:   83         SH: 12    Dex: 15    Spells: 6/6 levels left

rFire   . . .      SeeInvis .   a - +1 dagger (elec)
rCold   . . .      Faith    .   u - +0 tower shield
rNeg    . . .      Spirit   .   h - +0 ring mail
rPois   .          Reflect  .   c - +0 helmet
rElec   .          Harm     .   (no cloak)
rCorr   .          Rampage  .   (no gloves)
Will    .....                   (no boots)
Stlth   +.........              (no amulet)
HPRegen 0.18/turn               e - +4 ring of protection
MPRegen 0.10/turn               (no ring)

@: no status effects
A: claws 1, molten scales 1
a: no special abilities


You were on level 4 of the Dungeon.
You visited 1 branch of the dungeon, and saw 5 of its levels.

You collected 143 gold pieces.
You spent 60 gold pieces at shops.

Inventory:

Hand Weapons
 a - a +1 dagger of electrocution (weapon)
 b - a +1 vorpal spear
 t - a +0 war axe
Missiles
 y - 10 sling bullets
Armour
 c - a +0 helmet (worn)
 h - a +0 ring mail (worn)
 u - a +0 tower shield (worn)
Jewellery
 e - a +4 ring of protection (left claw)
Wands
 d - a wand of charming (6)
 q - a wand of flame (24)
Scrolls
 j - a scroll of fear {unknown}
 k - a scroll of holy word {unknown}
 l - 2 scrolls of magic mapping {unknown}
 m - 2 scrolls of teleportation {unknown}
 n - a scroll of summoning {unknown}
 p - a scroll of identify
 v - a scroll of amnesia {unknown}
 w - 3 scrolls of fog {unknown}
Potions
 f - 2 potions of lignification
 g - 2 potions of attraction
 i - 2 potions of mutation
 o - a potion of curing
 r - 3 potions of flight
 z - a potion of haste


   Skills:
 + Level 4.0 Fighting
 + Level 4.1 Axes
 + Level 3.6 Throwing
 + Level 3.0 Armour
 + Level 4.2 Dodging
 + Level 1.6 Shields
 + Level 1.5 Evocations


You had 6 spell levels left.
You didn't know any spells.
Your spell library contained the following spells:

 Spells                   Type           Power      Damage    Failure   Level
 Corpse Rot               Necr/Air       0%         N/A       100%        2
 Poisonous Vapours        Pois/Air       0%         N/A       100%        2


Dungeon Overview and Level Annotations

Branches:
Dungeon (5/15)
 Temple: D:4-7

Altars:
Vehumet

Shops:
D:3 ?

Annotations:
D:5 Eustachio


Innate Abilities, Weirdness & Mutations

You have sharp fingernails.
You are partially covered in molten scales. (AC +2)


Message History

The black bear claws you but does no damage.
The black bear bites you but does no damage.
You block the black bear's attack.
The black bear claws you but does no damage.
You hit the black bear but do no damage.
The black bear is severely wounded.
The black bear bites you! You block the black bear's attack.
The black bear claws you but does no damage.
The black bear misses you. The black bear claws you.
You block the black bear's attack.
Unknown command.
You hit the black bear.
The black bear is almost dead.
The black bear bites you but does no damage.
The black bear claws you but does no damage.
The black bear claws you.
The black bear bites you but does no damage.
The black bear claws you. You block the black bear's attack.
You hit the black bear.
The black bear is almost dead.
The black bear barely misses you.
The black bear claws you but does no damage.
The black bear claws you. You block the black bear's attack.
The black bear claws you but does no damage. x2
Unknown command.
You hit the black bear.
The black bear is almost dead.
The black bear bites you! The black bear barely misses you.
The black bear claws you but does no damage.
The black bear bites you.
* * * LOW HITPOINT WARNING * * *
You block the black bear's attack.
The black bear claws you but does no damage.
You hit the black bear but do no damage.
The black bear is almost dead.
The black bear bites you!
* * * LOW HITPOINT WARNING * * *
The black bear claws you but does no damage. x2
You block the black bear's attack. The black bear claws you.
You die...

.................# #[..#
.............#...# #...#
.............#...#########...#
#
###########..<...##........###
# #######....##........# #
#.....#.#..##........# ####
#...#...#..##........# #...
#...#####............###.##
#...'..).h@†##+#####.......
#...####.#..##.#####.###.##
#...####+#..##..)....# #.##
#...#......)...#########...
#...#..........'.......'...
#####..........#########...
#...)......# #... #..........#
#... #..........# #...


You could see a black bear (berserk).

Vanquished Creatures
  A water moccasin (D:5)
  A sky beast (D:4)
  A centaur (D:5)
  A phantom (D:4)
  Blork the orc (D:4)
  A jelly (D:4)
  A hound (D:4)
  A centaur skeleton (D:5)
  Ijyb (D:4)
  An iguana (D:3)
  4 gnolls (D:5)
  9 adders
  2 ufetubi (D:5)
  3 worms
  4 dart slugs
  6 orcs
  6 endoplasms
  A giant cockroach (D:1)
  7 goblins
  5 hobgoblins
  2 jackals (D:4)
  6 quokkas
  3 ball pythons
  10 bats
  A frilled lizard (D:3)
  12 kobolds
  7 rats
  A spectral goblin (D:2)
99 creatures vanquished.

Notes
Turn   | Place    | Note
-------+----------+-------------------------------------------
     0 | D:1      | flotson the Demonspawn Gladiator began the quest for the
                  | Orb.
     0 | D:1      | Reached XP level 1. HP: 16/16 MP: 1/1
   235 | D:1      | Gained mutation: You are partially covered in molten
                  | scales. (AC +2) [demonic ancestry]
   235 | D:1      | Reached XP level 2. HP: 19/22 MP: 2/2
   631 | D:1      | Gained mutation: You have sharp fingernails. [demonic
                  | ancestry]
   631 | D:1      | Reached XP level 3. HP: 26/28 MP: 3/3
   981 | D:1      | Reached skill level 1 in Armour
  1175 | D:2      | Found a faded altar of an unknown god.
  1309 | D:2      | Reached XP level 4. HP: 34/34 MP: 4/4
  2518 | D:3      | Reached XP level 5. HP: 40/40 MP: 5/5
  2524 | D:3      | Found Tuufi's Magic Scroll Shop.
  2534 | D:3      | Bought a scroll of identify for 20 gold pieces
  2534 | D:3      | Bought a scroll of identify for 20 gold pieces
  2534 | D:3      | Bought a scroll of identify for 20 gold pieces
  2693 | D:4      | You fall into a shaft and drop 1 floor!
  2693 | D:5      | Entered Level 5 of the Dungeon
  3003 | D:5      | Noticed a centaur
  3013 | D:5      | Killed a centaur
  3014 | D:5      | Reached XP level 6. HP: 39/47 MP: 6/6
  3513 | D:4      | Found a radiant altar of Vehumet.
  3579 | D:4      | Noticed Ijyb
  3601 | D:4      | Killed Ijyb
  3750 | D:4      | Noticed Blork the orc
  3763 | D:4      | Killed Blork the orc
  3771 | D:4      | Reached skill level 1 in Shields
  3874 | D:4      | Reached XP level 7. HP: 30/53 MP: 7/7
  4185 | D:5      | Noticed a yak
  4185 | D:5      | Noticed a yak
  4185 | D:5      | Noticed a yak
  4225 | D:5      | Noticed Eustachio
  4413 | D:5      | Noticed a yak
  4416 | D:5      | Noticed a yak
  4682 | D:5      | Reached skill level 1 in Evocations
  5138 | D:4      | Slain by a black bear

Illustrated notes

Levels and vault maps discovered:
D:1:      tarquinn_simple_flora_water_d, layout_basic, minmay_quantized
D:2:      layout_loops_cross, dreamdust_ecumenical_altar_drowned_temple
D:3:      layout_basic, serial_shops, nicolae_lakefront_shop
D:4:      layout_basic, nicolae_vehumet_altar_sigil, uniq_ijyb,
          uniq_blork_the_orc
D:5:      layout_basic, st_stairs_14, serial_park_tiny_2, uniq_eustachio

Skill      XL: |  1  2  3  4  5  6  7 |
---------------+----------------------+-----
Throwing       | 2 3 |  3.6
Dodging        | 3 4 |  4.2
Axes           | 3 4 |  4.1
Armour         | 1 2 3 |  3.0
Fighting       | 3 4 |  4.0
Shields        | 1 |  1.6
Evocations     | 1 |  1.5

Action                   |  1- 3 |  4- 6 |  7- 9 || total
-------------------------+-------+-------+-------++-------
Melee: War axe           |    99 |    75 |       ||   174
       Punch             |     1 |     2 |       ||     3
       Dagger            |       |   135 |    83 ||   218
       Spear             |       |    15 |    19 ||    34
 Fire: Shortbow          |       |    21 |       ||    21
Throw: Throwing net      |       |     4 |     1 ||     5
  Use: Scroll            |       |       |     7 ||     7
Armor: Leather armour    |     8 |       |       ||     8
       Scale mail        |    15 |       |       ||    15
       Ring mail         |    28 |   110 |    87 ||   225
Dodge: Dodged            |    85 |   130 |    31 ||   246
Block: Tower shield      |       |    68 |    94 ||   162

Table legend: (Time is in decaauts)
 A = Elapsed time spent in this place.
 B = Non-inter-level travel time spent in this place.
 C = Inter-level travel time spent in this place.
 D = Time resting spent in this place.
 E = Time spent auto-exploring this place.
 F = Levels seen in this place.
 G = Mean time per level.
                   A        B        C        D        E       F      G
               +--------+--------+--------+--------+--------+-----+--------+
         Total |   5304 |   5098 |    206 |     43 |   3816 |   5 | 1060.8 |
       Dungeon |   5304 |   5098 |    206 |     43 |   3816 |   5 | 1060.8 |
               +--------+--------+--------+--------+--------+-----+--------+

Top non-repeatable levels by time:
     D:4: 1506 daAuts
     D:1: 1114 daAuts
     D:5: 1087 daAuts
     D:3: 829 daAuts
     D:2: 767 daAuts
